 Dungeon Crawl Stone Soup version 0.23.0 (webtiles) character file.

Game seed: 12513076596484301929

826 Portly the Cleaver (level 7, -8/62 HPs)
             Began as a Hill Orc Fighter on Feb 12, 2019.
             Mangled by a hornet zombie (10 damage)
             ... on level 7 of the Dungeon.
             The game lasted 00:06:10 (3508 turns).

Portly the Cleaver (Hill Orc Fighter)               Turns: 3508, Time: 00:06:11

Health: -8/62      AC:  8    Str: 21    XL:     7   Next: 96%
Magic:  6/6        EV:  7    Int:  8    God:
Gold:   123        SH:  9    Dex: 10    Spells: 6/6 levels left

rFire    . . .     SeeInvis .   n - +2 hand axe (freeze)
rCold    . . .     Gourm    .   c - +0 shield
rNeg     . . .     Faith    .   b - +0 scale mail
rPois    .         Spirit   .   j - +0 helmet
rElec    .         Reflect  .   (no cloak)
rCorr    .         Harm     .   (no gloves)
MR       .....                  (no boots)
Stlth    ..........             (no amulet)
HPRegen  0.20/turn              (no ring)
MPRegen  0.10/turn              (no ring)

@: lethally poisoned (-8 -> -9)
A: talons 1, blurry vision 1, low mp 1, robust 1, evolution 1
a: no special abilities


You were on level 7 of the Dungeon.
You were very hungry.

You visited 1 branch of the dungeon, and saw 6 of its levels.

You collected 183 gold pieces.
You spent 60 gold pieces at shops.

Inventory:

Hand Weapons
 a - a +0 war axe
 n - a +2 hand axe of freezing (weapon)
 v - a +0 trident
Missiles
 e - 170 stones (quivered)
 w - a throwing net
Armour
 b - a +0 scale mail (worn)
 c - a +0 shield (worn)
 j - a +0 helmet (worn)
Wands
 o - a wand of acid (6)
Scrolls
 g - 4 scrolls of teleportation
 h - a scroll of enchant weapon
 l - 5 scrolls of remove curse
 p - a scroll of magic mapping {unknown}
 q - a scroll of immolation {unknown}
 r - a scroll of identify
 x - a scroll of noise {unknown}
Potions
 d - 3 potions of might
 i - a potion of agility
 k - 2 potions of heal wounds
 m - a potion of flight
 s - 4 potions of brilliance
 t - 2 potions of degeneration
 u - a potion of curing
Comestibles
 f - 5 rations


   Skills:
 - Level 3.6 Fighting
 + Level 11.4 Axes
 - Level 3.2 Armour
 - Level 3.2 Shields


You had 6 spell levels left.
You didn't know any spells.
Your spell library contained the following spells:

 Spells                   Type           Power        Failure   Level  Hunger
 Beastly Appendage        Tmut           #.....       99%         1    ##.....
 Sandblast                Erth           #.....       99%         1    ##.....
 Passwall                 Tmut/Erth      #.......     100%        2    ###....
 Sticks to Snakes         Tmut           #.......     100%        2    ###....
 Spider Form              Tmut/Pois      #.........   100%        3    ####...
 Stone Arrow              Conj/Erth      #.....       100%        3    ####...
 Ice Form                 Ice/Tmut       #.......     100%        4    #####..
 Petrify                  Tmut/Erth      #.......     100%        4    #####..
 Blade Hands              Tmut           #.........   100%        5    ######.
 Lee's Rapid Deconstruct  Erth           #.........   100%        5    ######.


Dungeon Overview and Level Annotations

Branches:
Dungeon (5/15)
 Temple: D:4-7

Altars:

Shops:
D:4 ?


Innate Abilities, Weirdness & Mutations

You have sharp toenails.
Scrolls take you a little longer to read.
Your magical capacity is low. (-10% MP)
You are robust. (+10% HP)
You evolve.


Message History

You feel sick. The hornet zombie hits you.
* * * LOW HITPOINT WARNING * * *
You hit the hornet zombie but do no damage.
You claw the hornet zombie.
The hornet zombie is heavily damaged.
You block the hornet zombie's attack. The hornet zombie hits you!
* * * LOW HITPOINT WARNING * * *
You closely miss the hornet zombie.
The hornet zombie is heavily damaged.
The hornet zombie hits you but does no damage.
You hit the hornet zombie.
The hornet zombie is severely damaged.
The hornet zombie hits you!
* * * LOW HITPOINT WARNING * * *
You hit the hornet zombie but do no damage.
You claw the hornet zombie.
The hornet zombie is severely damaged.
* * * LOW HITPOINT WARNING * * *
You feel sick. The hornet zombie hits you!
You die...

......≈≈≈≈≈....# ...
........≈......## .. #..
#..........#
..###...#...........
...................
###...#####.###...... ..
....................
...###...####...........
.[.....@....#..####...#.
.......Z....#....##.....
........)...+....##.....
.......)....#....##.....
....[.....((............
........(.((#....#......
.......#.##......#......
###....#.##......#......
......#.##......#......


You could see a hornet zombie.

Vanquished Creatures
  An ice beast (D:7)
  A phantom (D:4)
  An ogre (D:4)
  A big kobold (D:7)
  An orc priest (D:4)
  An orc wizard (D:3)
  Jessica (D:3)
  An iguana (D:5)
  4 worker ants
  4 gnolls (D:4)
  13 adders
  2 oozes
  2 adder zombies
  4 worms
  2 dart slugs
  2 leopard geckos (D:3)
  8 orcs
  3 giant cockroaches
  6 goblins
  10 hobgoblins
  7 jackals
  13 kobolds
  A quokka (D:4)
  6 ball pythons
  7 bats
  4 frilled lizards
  A jackal zombie (D:7)
  A leopard gecko skeleton (D:2)
  7 rats
115 creatures vanquished.

Notes
Turn   | Place    | Note
-------+----------+-------------------------------------------
     0 | D:1      | Portly the Hill Orc Fighter began the quest for the Orb.
     0 | D:1      | Reached XP level 1. HP: 19/19 MP: 1/1
   169 | D:1      | Reached skill level 3 in Axes
   189 | D:1      | Reached XP level 2. HP: 26/26 MP: 2/2
   224 | D:1      | Reached skill level 4 in Axes
   587 | D:1      | Reached XP level 3. HP: 31/31 MP: 3/3
   866 | D:2      | Reached skill level 5 in Axes
  1114 | D:2      | Reached XP level 4. HP: 39/39 MP: 4/4
  1190 | D:2      | Reached skill level 6 in Axes
  1325 | D:2      | Found a faded altar of an unknown god.
  1649 | D:3      | Reached XP level 5. HP: 45/45 MP: 5/5
  1715 | D:3      | Reached skill level 7 in Axes
  1977 | D:3      | Noticed Jessica
  1987 | D:3      | Killed Jessica
  2201 | D:3      | Reached skill level 8 in Axes
  2201 | D:3      | Reached XP level 6. HP: 47/51 MP: 6/6
  2567 | D:4      | Found Cohoiq's Magic Scroll Emporium.
  2604 | D:4      | Bought a scroll of remove curse for 30 gold pieces
  2604 | D:4      | Bought a scroll of teleportation for 30 gold pieces
  2607 | D:4      | Gained mutation: Armour fits poorly on your strangely
                  | shaped body. [potion of mutation]
  2607 | D:4      | Gained mutation: Scrolls take you a little longer to read.
                  | [potion of mutation]
  2607 | D:4      | Gained mutation: You are resistant to hostile enchantments.
                  | (MR+) [potion of mutation]
  2608 | D:4      | Lost mutation: Armour fits poorly on your strangely shaped
                  | body. [potion of mutation]
  2608 | D:4      | Lost mutation: You are resistant to hostile enchantments.
                  | (MR+) [potion of mutation]
  2608 | D:4      | Gained mutation: You are robust. (+10% HP) [potion of
                  | mutation]
  2608 | D:4      | Gained mutation: Your magical capacity is low. (-10% MP)
                  | [potion of mutation]
  2608 | D:4      | Gained mutation: You have sharp toenails. [potion of
                  | mutation]
  2608 | D:4      | Gained mutation: You evolve. [potion of mutation]
  2665 | D:4      | Noticed a phantom
  2680 | D:4      | Reached skill level 9 in Axes
  2689 | D:4      | Killed a phantom
  2689 | D:4      | Reached skill level 10 in Axes
  2689 | D:4      | Reached XP level 7. HP: 39/62 MP: 6/6
  3373 | D:5      | Entered Level 5 of the Dungeon
  3421 | D:5      | You fall through a shaft for 2 floors!
  3430 | D:7      | Reached skill level 11 in Axes
  3507 | D:7      | HP: 3/62 [hornet zombie (7)]
  3508 | D:7      | Mangled by a hornet zombie

Skill      XL: |  1  2  3  4  5  6  7 |
---------------+----------------------+-----
Axes           | 3 4 5 6 8 10 11 | 11.4
Fighting       | |  3.6
Armour         | |  3.2
Shields        | |  3.2

Action                   |  1- 3 |  4- 6 |  7- 9 || total
-------------------------+-------+-------+-------++-------
Melee: War axe           |    50 |       |       ||    50
       Hand axe          |    24 |   168 |    58 ||   250
       Kick              |       |     8 |    16 ||    24
  Use: Scroll            |       |     3 |     6 ||     9
       Potion            |       |     2 |       ||     2
  Eat: Chunk             |     1 |     5 |     1 ||     7
Armor: Scale mail        |    29 |    68 |    16 ||   113
Dodge: Dodged            |    24 |    37 |     9 ||    70
Block: Shield            |    46 |    76 |    26 ||   148
